 Dungeon Sprint DCSS version 0.30.1 (webtiles) character file.

Game seed: 4749960470937010767

138 Groucho the Gouger (level 5, -21/27 HPs)
             Began as a Felid Fighter on July 7, 2023.
             Demolished by a two-headed ogre
             ... wielding a +0 giant spiked club
              (28 damage)
             ... in the Dungeon (Sprint VI: "Thunderdome").
             The game lasted 00:05:04 (594 turns).

Groucho the Gouger (Felid Fighter)                   Turns: 594, Time: 00:05:04

Health: -21/27     AC:  1    Str: 14    XL:     5   Next: 42%
Magic:  6/6        EV: 22    Int:  9    God:
Gold:   0          SH:  0    Dex: 16    Spells: 4/4 levels left
                                        Lives:  0   Deaths: 1

rFire   . .          .
                       - Unarmed
rCold   . . .        (shield unavailable)
rNeg    . . .        (body armour unavailable)
rPois   .            (helmet unavailable)
rElec   .            (cloak unavailable)
rCorr   .            (gloves unavailable)
SInv    +            (boots unavailable)
Will    .....        (no amulet)
Stlth   ++           (no ring)
HPRegen 0.24/turn    (no ring)
MPRegen 0.10/turn

%: no teleportation
@: quick
A: very small, claws 1, fangs 3, see invisible, speed 1, shaggy fur 1, stealthy
paws, no weapons or thrown items, no armour, multi-lived
a: no special abilities


You were in the Dungeon.
You visited 1 branch You collected 400 gold pieces.
You spent 400 gold pieces at shops.

Inventory:

Wands
 h - a wand of light (2)
 i - a wand of roots (2)
Scrolls
 g - 4 scrolls of blinking
 j - 3 scrolls of fog
Potions
 a - a potion of might
 c - 4 potions of heal wounds
 d - 4 potions of haste
 e - 2 potions of magic
 f - a potion of berserk rage
 k - a potion of resistance


   Skills:
 + Level 5.9 Fighting
 + Level 8.3 Dodging
 + Level 3.5 Stealth
 + Level 10.6 Unarmed Combat
 + Level 1.7 Evocations


You had 4 spell levels left.
You didn't know any spells.
Your spell library was empty.

Dungeon Overview and Level Annotations

Branches:
Dungeon (1/1)

Altars:
Cheibriados
Dithmenos
Fedhas
Gozag
Kikubaaqudgha
Makhleb
Okawaru
Qazlal
Ru
Sif Muna
Trog
Uskayaw
Vehumet
Wu Jian
Xom
Yredelemnul
Zin
The Shining One
Lugonu

Shops:
D *[??*?*:[((!!!!

Annotations:
D Erolcha


Innate Abilities, Weirdness & Mutations

You have sharp claws.
You have razor-sharp teeth.
You have supernaturally acute eyesight. (SInv)
You cover ground quickly. (Speed+)
You are covered in fur. (AC +1)
Your paws help you pounce on unaware monsters.
You are incapable of wielding weapons or throwing items.
You cannot wear armour.
You gain extra lives every three experience levels.


Message History

EROLCHA GESTURES WILDLY WHILE CHANTING.
EROLCHA FLICKERS AND VANISHES FOR A MOMENT.
YOU ARE NOW LEVEL 4!
You rejoin the land of the living...
Your Dodging skill increases to level 8!
Your Stealth skill increases to level 3!
Your Unarmed Combat skill increases to level 10!
Welcome back to level 5!
Unknown command.
Unknown command.
Aiming: Fastroot
Press: ? - help, Shift-Dir - straight line, f - two-headed ogre
Aim: a two-headed ogre, wielding two +0 giant spiked clubs The roots erupt in riotous growth!
Roots grab the two-headed ogre.
Roots grab the ogre.
The grasping roots constrict the two-headed ogre.
The grasping roots constrict the ogre.
The ogre struggles to escape constriction.
The two-headed ogre escapes!
Unknown command.
Unknown command.
Unknown command.
Unknown command.
The grasping roots constrict the ogre!
The roots release their grip on the ogre.
Erolcha casts a spell at you. You resist with some effort.
The two-headed ogre misses you. The two-headed ogre closely misses you.
You scratch the ogre. You claw the ogre.
The ogre is severely wounded.
The ogre hits you with a +0 giant spiked club!!
Ouch! That really hurt!
* * * LOW HITPOINT WARNING * * *
You are too injured to fight recklessly!
Unknown command.
Unknown command.
The two-headed ogre barely misses you.
The two-headed ogre hits you with a +0 giant spiked club!!
Ouch! That really hurt!
You die...

#_......._# #_......._#
#_...(..._# ###....†)...###
#⌠......()...)#
######.8...OO..(.8.#####
##.___......###)(....._.∩
###∩......OO8.# #.8..O.....
##.........@...###....O.....
#⌠..........###...###)......
#⌠..........# #.<.# #.......
#⌠..........###...###.......
##.............###..........
###∩........8.# #.8[.......
##∩___......###......___∩
######.8.........8.#####
#⌠...........⌠#


You could see a two-headed ogre, Erolcha (invisible) and 2 ogres.

Vanquished Creatures
  An ogre (D)
  2 kobold brigands (D)
  A hound (D)
  Jessica (D)
  2 worms (D)
  An endoplasm (D)
  4 giant cockroaches (D)
  A goblin (D)
  5 kobolds (D)
18 creatures vanquished.

Notes
Turn   | Place    | Note
-------+----------+-------------------------------------------
     0 | D        | Groucho the Felid Fighter began the quest for the Orb.
     0 | D        | Reached XP level 1. HP: 10/10 MP: 2/2
     1 | D        | Found an opulent altar of Gozag.
     2 | D        | Found an ornate altar of the Wu Jian Council.
     2 | D        | Found a blossoming altar of Fedhas.
     3 | D        | Found a shimmering altar of Xom.
     3 | D        | Found a sacrificial altar of Ru.
     4 | D        | Found a basalt altar of Yredelemnul.
     4 | D        | Found Hohe's Staff Store.
     4 | D        | Found Qigioss's Magic Scroll Shop.
     5 | D        | Found Zuczink's Must-Have Magic.
     5 | D        | Found Iqopp's Magic Scroll Shop.
     7 | D        | Round 1.
    26 | D        | Found an iron altar of Okawaru.
    30 | D        | Found a hide-covered altar of Uskayaw.
    30 | D        | Found a snail-covered altar of Cheibriados.
    30 | D        | Found Leypp's Jewellery.
    31 | D        | Found Cyczumeg's Advanced Armour.
    32 | D        | Found a radiant altar of Vehumet.
    32 | D        | Found a burning altar of Makhleb.
    32 | D        | Found a glowing golden altar of the Shining One.
    32 | D        | Found Dinosteg's Identification Station.
    51 | D        | Found a glowing silver altar of Zin.
    51 | D        | Found Miusorch's Premium Goods.
    51 | D        | Found Ilab's Miscellaneous Merchandise.
    52 | D        | Found Loguedgh's Basic Armour.
    58 | D        | Found Piex Yfi's Weapon Rack.
    58 | D        | Found a shimmering blue altar of Sif Muna.
    58 | D        | Found a corrupted altar of Lugonu.
    58 | D        | Found a bloodstained altar of Trog.
    71 | D        | Found a stormy altar of Qazlal.
    73 | D        | Found an ancient bone altar of Kikubaaqudgha.
    73 | D        | Found a shadowy altar of Dithmenos.
    73 | D        | Found Cujev's Do-It-Yourself Clinic.
    73 | D        | Found Buummaz's Bottled Wisdom.
    74 | D        | Found Danliala's Distillery.
    80 | D        | Found Ylajuq's Distillery.
   154 | D        | Noticed Jessica
   164 | D        | Noticed a hound
   167 | D        | Killed Jessica
   168 | D        | Reached skill level 5 in Dodging
   168 | D        | Reached skill level 6 in Unarmed Combat
   168 | D        | Reached XP level 2. HP: 12/15 MP: 3/3
   168 | D        | Reached XP level 3. HP: 15/18 MP: 4/4
   169 | D        | Arena points: 12 (+12) [x2]
   170 | D        | Reached skill level 7 in Unarmed Combat
   234 | D        | Round 2.
   377 | D        | Reached XP level 4. HP: 22/22 MP: 5/5
   399 | D        | Arena points: 54 (+42) [x3]
   483 | D        | Round 3.
   495 | D        | Noticed a kobold brigand
   496 | D        | Noticed a kobold brigand
   505 | D        | Killed a kobold brigand
   506 | D        | Reached skill level 5 in Fighting
   506 | D        | Reached skill level 1 in Stealth
   506 | D        | Reached skill level 8 in Unarmed Combat
   507 | D        | Reached XP level 5. HP: 26/26 MP: 6/6
   512 | D        | Reached skill level 9 in Unarmed Combat
   512 | D        | Reached skill level 1 in Evocations
   513 | D        | Arena points: 138 (+84) [x4]
   561 | D        | Bought a quad damage for 400 gold pieces
   565 | D        | Round 4.
   579 | D        | Noticed a two-headed ogre
   579 | D        | Noticed an ogre
   580 | D        | Noticed an ogre
   580 | D        | Noticed Erolcha
   583 | D        | Noticed an ogre
   584 | D        | Killed an ogre
   584 | D        | HP: 1/26 [two-headed ogre/+0 giant spiked club (25)]
   584 | D        | Mangled by a two-headed ogre
   585 | D        | Reached XP level 4. HP: -12/23 MP: 5/5
   585 | D        | Reached skill level 10 in Unarmed Combat
   585 | D        | Reached XP level 5. HP: 27/27 MP: 6/6
   594 | D        | Demolished by a two-headed ogre

Illustrated notes

Levels and vault maps discovered:
D:        arena_sprint

Skill      XL: |  1  2  3  4  5 |
---------------+----------------+-----
Dodging        | 5 6 8 |  8.3
Unarmed Combat | 6 7 10 9 | 10.6
Fighting       | 4 5 |  5.9
Stealth        | 3 |  3.5
Evocations     | 1 |  1.7

Action                     |  1- 3 |  4- 6 || total
---------------------------+-------+-------++-------
  Melee: Unarmed           |    20 |    13 ||    33
         Bite              |     2 |     1 ||     3
         Punch             |     1 |     3 ||     4
  Evoke: Wand              |     2 |     4 ||     6
         Quad damage       |       |     1 ||     1
    Use: Potion            |     1 |     1 ||     2
   Stab: Invisible         |       |     1 ||     1
  Dodge: Dodged            |     8 |    16 ||    24
